 Dungeon Crawl Stone Soup version 0.17-a0-1882-g750edc8 (webtiles) character file.

315 George the Slasher (level 6, -2/44 HPs)
             Began as a Demonspawn Gladiator on Sept 22, 2015.
             Was a Follower of Okawaru.
             Killed by divine providence
             ... invoked by an orc priest
              (8 damage)
             ... on level 4 of the Dungeon.
             The game lasted 00:08:45 (2794 turns).

George the Slasher (Demonspawn Gladiator)           Turns: 2794, Time: 00:08:45

Health: -2/44      AC:  7    Str: 22    XL:     6   Next: 20%
Magic:  9/9        EV: 11    Int:  9    God:    Okawaru [*.....]
Gold:   88         SH:  0    Dex: 13    Spells: 0 memorised, 5 levels left

rFire  . . .     SeeInvis .     a - +0 long sword
rCold  . . .     Clarity  .     f - +0 scale mail
rNeg   . . .     SustAt   .     (no shield)
rPois  .         Gourm    .     c - +0 helmet
rElec  .         Spirit   .     (no cloak)
rCorr  .         Warding  .     (no gloves)
rMut   .         Stasis   .     (no boots)
MR     .....                    (no amulet)
Stlth  ..........               (no ring)
                                l - +4 ring of strength

@: not resistant to hostile enchantments, extremely unstealthy
A: hooves 2, demonic guardian 1
a: Heroism, Renounce Religion


You were on level 4 of the Dungeon.
You worshipped Okawaru.
Okawaru was aware of your devotion.
You were not hungry.

You visited 2 branches of the dungeon, and saw 5 of its levels.

You collected 88 gold pieces.

Inventory:

Hand weapons
 a - a +0 long sword (weapon)
Missiles
 d - 3 throwing nets
 n - 12 javelins (quivered)
Armour
 c - a +0 helmet (worn)
 f - a +0 scale mail (worn)
Jewellery
 l - a +4 ring of strength (left hand)
Magical devices
 s - a wand of magic darts (30)
Scrolls
 t - 2 scrolls of remove curse
 v - a scroll of immolation {unknown}
Potions
 j - 2 potions of might
 m - a potion of flight
 o - a potion of magic {unknown}
 p - a potion of haste {unknown}
 r - a potion of curing {unknown}
 w - a potion of poison {unknown}
Comestibles
 e - 5 bread rations
 g - a slice of pizza
 q - 3 meat rations
 u - 2 beef jerkies
 x - a chunk of flesh


   Skills:
 - Level 2.0 Fighting
 + Level 5.3 Long Blades
 - Level 1.7 Throwing
 - Level 2.6 Dodging
 + Level 4.8 Invocations


You had 5 spell levels left.
You didn't know any spells.

Dungeon Overview and Level Annotations

Branches:
Dungeon (4/15)             Temple (1/1) D:4

Altars:
Ashenzari
Dithmenos
Elyvilon
Fedhas
Gozag
Kikubaaqudgha
Makhleb
Nemelex Xobeh
Okawaru
Qazlal
Ru
Sif Muna
Trog
Vehumet
Yredelemnul
Zin
The Shining One

Shops:
D:4 *

Annotations:
D:4 wvc's ghost, average DrTm


Innate Abilities, Weirdness & Mutations

You have hoof-like feet.
A weak demonic guardian rushes to your aid.


Message History

The worker ant barely misses you. x2
You hit the worker ant.
You kick the worker ant, but do no damage.
The worker ant is almost dead.
The worker ant bites you.
* * * LOW HITPOINT WARNING * * *
Your crimson imp barely misses the worker ant.
You barely miss the worker ant. You kick the worker ant.
You kill the worker ant!
Okawaru accepts your kill.
You can now gain great but temporary skills.
The orc priest calls down the wrath of Beogh upon you.
Something smites you!
* * * LOW HITPOINT WARNING * * *
Your crimson imp misses wvc's ghost.
Your crimson imp hits the orc priest.
Your crimson imp hits the orc priest but does no damage.
The orc priest mumbles some strange prayers to Beogh against you.
Something smites you!
You die...

.....##.##)#..# ##.# #.>#
....o##W##.#.. ..... #.##
......#a##...####.. #...####.##
...o..#.# #.......# #........#
......#)# #.#.....####.####...##
.....##†###.##..#....#.###.....##
#)....).....##...# #....##.#.#..#
###.####[....#.#.### #.....#.##..
#.# #..#.[..#@..###.#.....####
#.# #....#..o.........#.....##
#..####....#.###W###...##.##.#.
##..#....#..oo............##...
#.#......#5######)......###..
#....)##...### #..#..##.###..
#.....#......# #..##.......#.
######....#......# #.............
..........#......###.##........##


You could see an orc priest, wvc's ghost and an orc.

Vanquished Creatures
  An ogre (D:4)
  An orc wizard (D:3)
  An iguana (D:3)
  A worker ant (D:4)
  4 adders
  2 worms
  4 orcs
  3 hobgoblins
  2 jackals (D:2)
  2 bats (D:1)
  3 giant cockroaches
  A giant gecko (D:3)
  2 giant newts (D:4)
  4 goblins
  A jackal skeleton (D:4)
  A kobold (D:3)
  8 rats
41 creatures vanquished.

Vanquished Creatures (collateral kills)
  The ghost of wvc the Stinger, an average NaTm (D:3)
  2 orc wizards (D:4)
  4 orcs
  A goblin (D:3)
  A quokka (D:3)
  A giant gecko (D:4)
10 creatures vanquished.

Grand Total: 51 creatures vanquished

Notes
Turn   | Place    | Note
--------------------------------------------------------------
     0 | D:1      | George the Demonspawn Gladiator began the quest for the Orb.
     0 | D:1      | Reached XP level 1. HP: 16/16 MP: 1/1
   133 | D:1      | Reached skill level 3 in Long Blades
   603 | D:1      | Gained mutation: You have large cloven feet. [demonic ancestry]
   603 | D:1      | Reached XP level 2. HP: 22/22 MP: 2/2
   957 | D:2      | You fall through a shaft for 2 floors!
   957 | D:4      | Found Laffarets's Assorted Antiques.
   974 | D:4      | Gained mutation: A weak demonic guardian rushes to your aid. [demonic ancestry]
   974 | D:4      | Reached XP level 3. HP: 27/27 MP: 3/3
  1016 | D:4      | Found a staircase to the Ecumenical Temple.
  1026 | Temple   | Entered the Ecumenical Temple
  1058 | Temple   | Became a worshipper of Warmaster Okawaru
  1202 | D:3      | Reached skill level 4 in Long Blades
  1230 | D:3      | Reached skill level 1 in Invocations
  1235 | D:3      | HP: 1/27 [poisoned by an adder]
  1429 | D:3      | Reached XP level 4. HP: 24/33 MP: 3/5
  1776 | D:3      | Found a glowing silver altar of Zin.
  1924 | D:3      | Noticed wvc's ghost (average NaTm)
  1969 | D:3      | Killed wvc's ghost
  1973 | D:3      | Gained mutation: You have hoof-like feet. [demonic ancestry]
  1973 | D:3      | Reached XP level 5. HP: 23/38 MP: 5/7
  2692 | D:4      | Noticed an ogre
  2698 | D:4      | Killed an ogre
  2698 | D:4      | Reached skill level 5 in Long Blades
  2763 | D:4      | Noticed wvc's ghost (average DrTm)
  2765 | D:4      | Reached XP level 6. HP: 28/44 MP: 9/9
  2790 | D:4      | Acquired Okawaru's first power
  2794 | D:4      | Killed from afar by an orc priest

Vault maps used:
D:1:      saegor_arrival_simple_b, minmay_tree_intersection
D:2:      xom_butterflies, serial_bayou, serial_bayou_pond_c,
          serial_bayou_pond_e, serial_bayou_pond_c, serial_bayou_lake_a,
          serial_bayou_shore_a, serial_bayou_lagoon_b
D:3:      zin_scriptorium, minivault_27
D:4:      cheibriados_altar_1, minmay_temple_entry_poolview, serial_shops,
          nicolae_shop_stone, nicolae_ru_sacrificial_ziggurat
Temple:   lightli_temple_of_artemis

Action                   |  1- 3 |  4- 6 || total
-------------------------+-------+-------++-------
Melee: Long sword        |    75 |    83 ||   158
Throw: Javelin           |       |     2 ||     2
  Use: Scroll            |     4 |     1 ||     5
       Potion            |     1 |       ||     1
  Eat: Chunk             |     2 |     4 ||     6
